 Dungeon Crawl Stone Soup version 0.26-a0-540-g8a0c9464d7 (webtiles) character file.

Game seed: 5405541343177754036

50 vurker the Cudgeler (level 3, -8/35 HPs)
             Began as a Gnoll Chaos Knight on Aug 22, 2020.
             Mangled by a gnoll
             ... wielding a +0 flail
              (13 damage)
             ... on level 1 of the Dungeon.
             The game lasted 00:02:27 (1778 turns).

vurker the Cudgeler (Gnoll Chaos Knight)            Turns: 1778, Time: 00:02:27

Health: -8/35      AC:  5    Str: 14    XL:     3   Next: 79%
Magic:  4/4        EV: 12    Int: 15    God:
Gold:   200        SH:  0    Dex: 14    Spells: 4/4 levels left

rFire    . . .     SeeInvis .   n - +0 short sword
rCold    . . .     Faith    .   (no shield)
rNeg     . . .     Spirit   .   b - +2 leather armour
rPois    .         Reflect  .   (no helmet)
rElec    .         Harm     .   (no cloak)
rCorr    .                      (no gloves)
MR       .....                  (no boots)
Stlth    +.........             (no amulet)
HPRegen  0.11/turn              (no ring)
MPRegen  0.09/turn              (no ring)

@: no status effects
A: distributed training, fangs 1, strong nose
a: no special abilities


You were on level 1 of the Dungeon.
You visited 1 branch of the dungeon, and saw 2 of its levels.

You collected 200 gold pieces.

Inventory:

Hand Weapons
 n - a +0 short sword (weapon)
   (You took it off a kobold on level 1 of the Dungeon)
Armour
 b - a +2 leather armour (worn)
Jewellery
 a - an uncursed ring of protection from cold {unknown}
   (You found it on level 1 of the Dungeon)
Scrolls
 g - a scroll of enchant weapon {unknown}
 h - a scroll of blinking {unknown}
 i - a scroll of identify {unknown}
 k - 2 scrolls of remove curse {unknown}
 m - a scroll of teleportation {unknown}
 r - a scroll of random uselessness {unknown}
Potions
 c - 2 potions of mutation {unknown}
 d - 2 potions of degeneration {unknown}
 e - a potion of curing {unknown}
 f - 2 potions of haste {unknown}
 j - 2 potions of stabbing {unknown}
 l - a potion of invisibility {unknown}
 o - a potion of heal wounds {unknown}
 p - a potion of brilliance {unknown}
 q - 2 potions of resistance {unknown}


   Skills:
 + Level 6.5 Fighting
 + Level 1.0 Short Blades
 + Level 1.0 Long Blades
 + Level 1.0 Axes
 + Level 6.5 Maces & Flails
 + Level 1.0 Polearms
 + Level 1.0 Staves
 + Level 1.0 Slings
 + Level 1.0 Bows
 + Level 1.0 Crossbows
 + Level 1.0 Throwing
 + Level 4.6 Armour
 + Level 2.6 Dodging
 + Level 1.0 Stealth
 + Level 1.0 Shields
 + Level 1.0 Unarmed Combat
 + Level 1.0 Spellcasting
 + Level 0.7 Conjurations
 + Level 0.7 Hexes
 + Level 0.7 Summonings
 + Level 0.7 Necromancy
 + Level 0.7 Translocations
 + Level 0.7 Transmutations
 + Level 0.7 Fire Magic
 + Level 0.7 Ice Magic
 + Level 0.7 Air Magic
 + Level 0.7 Earth Magic
 + Level 0.7 Poison Magic
   Level 1.0 Invocations
 + Level 1.0 Evocations


You had 4 spell levels left.
You didn't know any spells.
Your spell library was empty.

Dungeon Overview and Level Annotations

Branches:
Dungeon (2/15)

Altars:


Innate Abilities, Weirdness & Mutations

Your experience applies equally to all skills.
You have very sharp teeth.
Your uncanny sense of smell can sniff out nearby items.


Message History

c - 2 murky black potions (gained 1)
Found a robe.
Found a stone staircase leading down.
Found a robe.
Found a scroll labeled ETOKLE MOIDD.
r - a scroll labeled ETOKLE MOIDD
Found a stone staircase leading up.
Found 11 gold pieces.
Found 7 gold pieces.
You now have 193 gold pieces (gained 11).
You now have 200 gold pieces (gained 7). 2 gnolls come into view.
The gnoll shouts! x2; You hear a shout! x2
A gnoll comes into view. It is wielding a +0 flail.
A gnoll is nearby!
The gnoll hits you!
You hit the gnoll but do no damage. You bite the gnoll.
You hit the gnoll but do no damage. The gnoll closely misses you.
You hit the gnoll. The gnoll hits you with a +0 flail.
The gnoll barely misses you.
You hit the gnoll but do no damage. Your bite misses the gnoll.
The gnoll closely misses you. The gnoll barely misses you.
You hit the gnoll but do no damage. The gnoll hits you with a +0 flail.
* * * LOW HITPOINT WARNING * * *
The gnoll barely misses you.
You aren't carrying any items that you can evoke.
Unknown command.
You hit the gnoll. The gnoll barely misses you.
You closely miss the gnoll.
You see here a jackal skeleton.
You see here a jackal skeleton.
A gnoll comes into view. It is wielding a +0 halberd.
The gnoll shouts!
There is a stone staircase leading down here.
There is a stone staircase leading up here.
The gnoll closely misses you.
You climb upwards.
There is a stone staircase leading down here.
You hit the gnoll. You bite the gnoll, but do no damage.
The gnoll hits you with a +0 flail!
* * * LOW HITPOINT WARNING * * *
You hit the gnoll. The gnoll hits you with a +0 flail.
* * * LOW HITPOINT WARNING * * *
You closely miss the gnoll. The gnoll closely misses you.
You hit the gnoll but do no damage. You barely miss the gnoll.
The gnoll hits you with a +0 flail.
* * * LOW HITPOINT WARNING * * *
You barely miss the gnoll. You punch the gnoll, but do no damage.
The gnoll hits you with a +0 flail!
You die...

#.#...)..####.#####.####.#
#.#.####.# #.#.>.....##.#
#.#......# #.#.#.#.#.##.#
#.######## #.......#.##.#
#.# ###.#.#......#
#.#############.#.###.####
#....##......##.#.##...####
####.##......##............
#.##...@................
#.##...g..###.##........
#.##......# #.......####
######.######### #.####..#
#......# #.#####.# ##.######
### #.......# #
#......####.#### #.####### #
#.†###.#.......# #.########
#
#..###.#.......####........#
#


You could see a gnoll.

Vanquished Creatures
  An adder (D:2)
  A worm (D:1)
  2 dart slugs (D:1)
  A leopard gecko (D:1)
  A giant cockroach (D:1)
  3 goblins (D:1)
  4 hobgoblins
  4 jackals (D:2)
  3 kobolds
  A ball python (D:1)
  5 bats (D:1)
  2 frilled lizards (D:1)
  6 rats (D:1)
34 creatures vanquished.

Notes
Turn   | Place    | Note
-------+----------+-------------------------------------------
     0 | D:1      | vurker the Gnoll Chaos Knight began the quest for the Orb.
     0 | D:1      | Reached XP level 1. HP: 23/23 MP: 1/1
     0 | D:1      | Fell from the grace of Xom
   166 | D:1      | Reached XP level 2. HP: 29/29 MP: 2/2
   178 | D:1      | XOM: summons 4 hostile shadow creatures
   268 | D:1      | XOM: 3-stop teleportation journey
   506 | D:1      | Reached XP level 3. HP: 35/35 MP: 3/3
  1143 | D:2      | Reached skill level 1 in Invocations
  1476 | D:2      | Reached skill level 1 in Short Blades
  1476 | D:2      | Reached skill level 1 in Long Blades
  1476 | D:2      | Reached skill level 1 in Axes
  1476 | D:2      | Reached skill level 1 in Polearms
  1476 | D:2      | Reached skill level 1 in Staves
  1476 | D:2      | Reached skill level 1 in Slings
  1476 | D:2      | Reached skill level 1 in Bows
  1476 | D:2      | Reached skill level 1 in Crossbows
  1476 | D:2      | Reached skill level 1 in Throwing
  1476 | D:2      | Reached skill level 1 in Stealth
  1476 | D:2      | Reached skill level 1 in Shields
  1476 | D:2      | Reached skill level 1 in Unarmed Combat
  1476 | D:2      | Reached skill level 1 in Spellcasting
  1476 | D:2      | Reached skill level 1 in Evocations
  1778 | D:1      | Mangled by a gnoll

Illustrated notes

Levels and vault maps discovered:
D:1:      dpeg_arrival_brainrot, layout_loops_cross, minivault_26,
          minmay_misc_feat_plants
D:2:      layout_basic, minmay_fountain_box

Skill      XL: |  1  2  3 |
---------------+----------+-----
Invocations    | 1 |  1.0
Short Blades   | 1 |  1.0
Long Blades    | 1 |  1.0
Axes           | 1 |  1.0
Polearms       | 1 |  1.0
Staves         | 1 |  1.0
Slings         | 1 |  1.0
Bows           | 1 |  1.0
Crossbows      | 1 |  1.0
Throwing       | 1 |  1.0
Stealth        | 1 |  1.0
Shields        | 1 |  1.0
Unarmed Combat | 1 |  1.0
Spellcasting   | 1 |  1.0
Evocations     | 1 |  1.0
Fighting       | |  6.5
Maces & Flails | |  6.5
Armour         | |  4.6
Dodging        | |  2.6
Conjurations   | |  0.7
Hexes          | |  0.7
Summonings     | |  0.7
Necromancy     | |  0.7
Translocations | |  0.7
Transmutations | |  0.7
Fire Magic     | |  0.7
Ice Magic      | |  0.7
Air Magic      | |  0.7
Earth Magic    | |  0.7
Poison Magic   | |  0.7

Action                   || total
-------------------------++-------
Melee: Mace              ||    59
       Bite              ||    10
       Short sword       ||    58
       Punch             ||     1
Invok: Renounce Religion ||     1
 Stab: Sleeping          ||     2
Armor: Leather armour    ||    35
Dodge: Dodged            ||    76

Table legend: (Time is in decaauts)
 A = Elapsed time spent in this place.
 B = Non-inter-level travel time spent in this place.
 C = Inter-level travel time spent in this place.
 D = Time resting spent in this place.
 E = Time spent auto-exploring this place.
 F = Levels seen in this place.
 G = Mean time per level.
                   A        B        C        D        E       F      G
               +--------+--------+--------+--------+--------+-----+--------+
         Total |   1785 |   1771 |     14 |    100 |   1327 |   2 |  892.5 |
       Dungeon |   1785 |   1771 |     14 |    100 |   1327 |   2 |  892.5 |
               +--------+--------+--------+--------+--------+-----+--------+

Top non-repeatable levels by time:
     D:1: 931 daAuts
     D:2: 854 daAuts
